 Dungeon Crawl Stone Soup version 0.21.1 (webtiles) character file.

7469 tidbits the Magician (level 11, 0/84 HPs)
             Began as a Gnoll Skald on Feb 3, 2018.
             Was a Believer of Cheibriados.
             Killed by divine providence
             ... invoked by an orc priest
              (17 damage)
             ... on level 2 of the Orcish Mines.
             The game lasted 00:38:40 (3199 turns).

tidbits the Magician (Gnoll Skald)                  Turns: 3199, Time: 00:38:41

Health: 0/84       AC:  8    Str: 21 (23) XL:     11   Next: 15%
Magic:  20/22      EV: 17    Int: 21 (22) God:    Cheibriados [**....]
Gold:   285        SH:  0    Dex: 18 (19) Spells: 5/25 levels left

rFire    . . .     SeeInvis .   Q - +0 battleaxe (vamp)
rCold    . . .     Gourm    .   (shield currently unavailable)
rNeg     . . .     Faith    .   B - +0 troll leather armour
rPois    .         Spirit   .   (no helmet)
rElec    .         Reflect  .   (no cloak)
rCorr    .         Harm     .   G - +2 pair of gloves
MR       .....                  (no boots)
Stlth    +++.......             f - amulet of magic regeneration
HPRegen  0.64/turn              W - ring of wizardry
MPRegen  0.43/turn              S - ring of flight

@: mighty, shrouded, drained, very slow
A: distributed training, fangs 1, strong nose
a: Bend Time, Renounce Religion, Evoke Flight


You were on level 2 of the Orcish Mines.
You worshipped Cheibriados.
Cheibriados was pleased with you.
You were not hungry.

You visited 3 branches of the dungeon, and saw 13 of its levels.
You also visited: Labyrinth.

You collected 493 gold pieces.
You spent 208 gold pieces at shops.

Inventory:

Hand Weapons
 a - a +0 hand axe
 b - a +3 dagger of electrocution
   (You took it off a kobold on level 2 of the Dungeon)
 i - the +10 dark maul {crush}
   (You took it off a minotaur in a labyrinth)

   It inflicts extra damage upon your enemies.
 k - the +6 arbalest "Ycin" {freeze, rN+}
   (You took it off a minotaur in a labyrinth)

   It causes projectiles fired from it to freeze those they strike, causing
   extra injury to most foes and up to half again as much damage against
   particularly susceptible opponents.
   They can also slow down cold-blooded creatures.
   It protects you from negative energy.
 A - a +2 long sword of draining
   (You took it off an orc warrior on level 8 of the Dungeon)
 C - a +0 dagger
 N - a +0 rapier of speed
   (You found it on level 9 of the Dungeon)
 P - a +0 battleaxe of freezing
   (You found it in a labyrinth)
 Q - a +0 vampiric battleaxe (weapon)
   (You found it in a labyrinth)
 R - a +2 short sword of venom
   (You found it in a labyrinth)
Missiles
 j - 46 arrows
 m - 10 tomahawks (quivered)
 y - 5 javelins
 I - 3 javelins of returning
 L - 3 stones
Armour
 n - a +0 leather armour
 p - +0 steam dragon scales
 t - the +0 ring mail of the Cooper {rCorr Str-2 Int+10}
   (You took it off a minotaur in a labyrinth)

   It affects your strength (-2).
   It affects your intelligence (+10).
   It protects you from acid and corrosion.
 B - a +0 troll leather armour (worn)
 G - a +2 pair of gloves (worn)
 O - a +0 ring mail
Jewellery
 f - an amulet of magic regeneration (around neck)
   (You found it on level 2 of the Dungeon)
 x - an uncursed ring of fire
   (You took it off a minotaur in a labyrinth)
 E - a +4 amulet of reflection {unknown}
   (You found it on level 8 of the Dungeon)
 K - an uncursed ring of resist corrosion
   (You found it on level 9 of the Dungeon)
 S - a ring of flight (right hand)
   (You found it in a labyrinth)
 W - a ring of wizardry (left hand)
   (You found it on level 4 of the Dungeon)
Scrolls
 e - a scroll of enchant armour
 h - 3 scrolls of amnesia
 r - 6 scrolls of remove curse
 z - a scroll of noise
Potions
 g - a potion of haste {unknown}
 l - a potion of lignification {unknown}
 o - a potion of degeneration
 q - 2 potions of brilliance
 s - 2 potions of heal wounds
 u - a potion of curing {unknown}
 v - a potion of berserk rage
 w - a potion of resistance
 D - a potion of cancellation
 H - 3 potions of might
 J - a potion of flight {unknown}
Books
 d - a book of Battle

   Spells                             Type                      Level
   a - Infusion                       Charms                       1
   b - Shroud of Golubria             Charms/Translocation         2
   c - Song of Slaying                Charms                       2
   d - Spectral Weapon                Hexes/Charms                 3
   e - Regeneration                   Charms/Necromancy            3
 M - a book of Conjurations
   (You found it on level 9 of the Dungeon)

   Spells                             Type                      Level
   a - Magic Dart                     Conjuration                  1
   b - Searing Ray                    Conjuration                  2
   c - Dazzling Spray                 Conjuration/Hexes            3
   d - Fulminant Prism                Conjuration/Hexes            4
   e - Force Lance                    Conjuration/Translocation    4
   f - Iskenderun's Mystic Blast      Conjuration                  4
 U - a book of Burglary
   (You found it in a labyrinth)

   Spells                             Type                      Level
   a - Swiftness                      Charms/Air                   2
   b - Passwall                       Transmutation/Earth          2
   c - Passage of Golubria            Translocation                4
   d - Lee's Rapid Deconstruction     Earth                        5
   e - Darkness                       Hexes                        6
   f - Invisibility                   Hexes                        6
Miscellaneous
 F - a lamp of fire (inert)
Comestibles
 c - 14 rations


   Skills:
 + Level 7.5(7.2) Fighting
 + Level 5.9(5.5) Short Blades
 + Level 5.9(5.5) Long Blades
 + Level 7.5(7.2) Axes
 + Level 5.9(5.5) Maces & Flails
 + Level 5.9(5.5) Polearms
 + Level 5.9(5.5) Staves
 + Level 5.9(5.5) Slings
 + Level 5.9(5.5) Bows
 + Level 5.9(5.5) Crossbows
 + Level 5.9(5.5) Throwing
 + Level 6.5(6.1) Armour
 + Level 7.5(7.2) Dodging
 + Level 5.9(5.5) Stealth
 + Level 5.9(5.5) Shields
 + Level 5.9(5.5) Unarmed Combat
 + Level 7.8(7.4) Spellcasting
 + Level 4.9(4.5) Conjurations
 + Level 4.9(4.5) Hexes
 + Level 7.4(7.0) Charms
 + Level 4.9(4.5) Summonings
 + Level 4.9(4.5) Necromancy
 + Level 4.9(4.5) Translocations
 + Level 4.9(4.5) Transmutations
 + Level 4.9(4.5) Fire Magic
 + Level 4.9(4.5) Ice Magic
 + Level 4.9(4.5) Air Magic
 + Level 4.9(4.5) Earth Magic
 + Level 4.9(4.5) Poison Magic
 + Level 6.5(6.1) Invocations
 + Level 5.9(5.5) Evocations


You had 5 spell levels left.
You knew the following spells:

 Your Spells              Type           Power        Failure   Level  Hunger
d - Dazzling Spray        Conj/Hex       ####..       1%          3    None
g - Shroud of Golubria    Chrm/Tloc      ####......   1%          2    None
i - Infusion              Chrm           ####         1%          1    None
p - Passwall              Tmut/Erth      ####......   1%          2    None
r - Regeneration          Chrm/Necr      ####......   1%          3    None
w - Spectral Weapon       Hex/Chrm       ####....     1%          3    None
y - Song of Slaying       Chrm           #####...     1%          2    None
F - Fulminant Prism       Conj/Hex       ####......   6%          4    ###....


Dungeon Overview and Level Annotations

Branches:
Dungeon (10/15)            Temple (1/1) D:7            Lair (0/6) D:8
    Orc (2/2) D:10
    Elf: Orc:2

Altars:
Ashenzari
Cheibriados
Elyvilon
Gozag
Hepliaklqana
Kikubaaqudgha
Nemelex Xobeh
Okawaru
Ru
Sif Muna
Vehumet
Wu Jian
Yredelemnul
Zin
The Shining One

Shops:
D:4 =   D:8 [%?:}

Annotations:
Orc:2 Snorg


Innate Abilities, Weirdness & Mutations

Your experience applies equally to all skills.
You have very sharp teeth.
Your uncanny sense of smell can sniff out nearby items.


Message History

Wield which item (- for none, * to show all)? (? for menu, Esc to quit)
The +6 arbalest "Ycin" {freeze, rN+} stops glowing.
Your +0 battleaxe of freezing glows with a cold blue light!
P - a +0 battleaxe of freezing (weapon)
Okay, then.
Unknown command.
Wield which item (- for none, * to show all)? (? for menu, Esc to quit)
Your +0 battleaxe of freezing stops glowing.
You feel a dreadful hunger.
Q - a +0 vampiric battleaxe (weapon)
Saving game... please wait.
Welcome back, tidbits the Gnoll Skald.
Cheibriados says: Take it easy.
Press ? for a list of commands and other information.
Unknown command.
As you read the scroll of enchant armour, it crumbles to dust.
Your +0 pair of gloves glows green for a moment.
As you read the scroll of enchant armour, it crumbles to dust.
Your +1 pair of gloves glows green for a moment.
Cast which spell? (? or * to list) Space distorts slightly along a thin shroud covering your body.
Welcome back to the Orcish Mines!
Level annotation: Snorg An orc and an orc priest come into view.
The orc misses you. The orc closely misses you.
The orc priest calls down the wrath of Beogh upon you.
Beogh smites you! The orc hits you but does no damage. The orc misses you.
The orc hits you but does no damage.
The warg howls!
There is an empty arch of ancient stone here.
Unknown command.
Unknown command.
Unknown command.
As you read the scroll labeled ULYEGI XUAS, it crumbles to dust.
Wisps of shadow whirl around you...
It was a scroll of summoning.
The orc shouts!
The orc closely misses you. The orc warrior closely misses you.
The orc closely misses you.
You hear a shout! x2
Evoke which item? (* to show all) (? for menu, Esc to quit)
Okay, then.
Unknown command.
Unknown command.
Evoke which item? (* to show all) (? for menu, Esc to quit)
That is presently inert.
Unknown command.
Unknown command.
It was a potion of might.
You feel very mighty all of a sudden.
The orc warrior throws a tomahawk.
The tomahawk hits you. The orc misses you.
The orc hits your troll with an enchanted war axe.
The orc hits your ettin but does no damage.
The orc sorcerer gestures at you while chanting.
The bolt of fire hits you!
* * * LOW HITPOINT WARNING * * *
The orc wizard mumbles some strange words.
The orc wizard blinks!
The orc completely misses you. The orc warrior misses you.
Your ettin hits the orc with a dire flail!!
The orc dies!
Cheibriados appreciates the change of pace.
The orc misses you.
Unknown command.
Casting: Shroud of Golubria
Confirm with . or Enter, or press ? or * to list all spells.
You draw out your weapon's spirit!
The orc warrior throws a tomahawk.
The tomahawk misses you. The tomahawk hits your troll!
The orc hits you but does no damage. The orc warrior misses you.
The orc sorcerer hits you but does no damage.
The orc hits your spectral weapon but does no damage.
Unknown command.
You completely miss the orc sorcerer.
You bite the orc sorcerer, but do no damage.
You slash the orc!
You kill the orc!
Cheibriados appreciates the change of pace.
You slash the orc!
You feel better.
You kill the orc!
Cheibriados appreciates the change of pace.
Your spectral weapon completely misses the orc sorcerer.
The orc warrior completely misses you.
The orc sorcerer points at you and mumbles some strange words.
The bolt of negative energy hits you!
You feel drained.
* * * LOW HITPOINT WARNING * * *
The orc misses you. The orc misses your troll.
The orc warrior closely misses you.
Unknown command.
You hit the orc sorcerer.
You feel better.
The orc sorcerer is moderately wounded.
You hit the orc warrior. You closely miss the orc.
Your spectral weapon hits the orc sorcerer!
Your spectral weapon hits the orc warrior!
Your troll closely misses the orc sorcerer.
Your troll claws the orc sorcerer! x2
The orc sorcerer dies!
Cheibriados thoroughly appreciates the change of pace.
The orc warrior barely misses you.
The orc priest mumbles some strange prayers to Beogh against you.
Beogh smites you!
You die...

...... ##.#.....#
....## ###.....#
.... #........#. ∆
... ##.........#
.$..#$.....#....
....#...........
..........#......o..
...$..)C)...._......
#..$.T@(.# ....o..
#.....o)o## ...o.
.....ooho## .... ..
.......ooo###..#..#
............#...#
....#........#
....##.........$#
..# #.....$<..##
##.......#.#


You could see a warg, 2 orc warriors, an orc priest, an orc wizard, 4 orcs, a
friendly ettin, a friendly troll and a friendly spectral vampiric battleaxe.

Vanquished Creatures
  A minotaur (Lab)
  The ghost of amaril the Archer, a journeyman HuWn of Okawaru (D:10)
  A cyclops (Orc:2)
  The ghost of tidbits the Insei, a novice GnTm of Cheibriados (D:7)
  A hornet (D:9)
  A troll (D:9)
  A steam dragon (D:9)
  4 hungry ghosts
  3 porcupines (D:8)
  2 ice beasts (D:8)
  A sky beast (D:10)
  2 black bears (D:8)
  An orc warrior (D:8)
  A necrophage (D:5)
  4 ogres
  4 phantoms
  2 centaurs (D:6)
  5 wolves
  3 crocodiles (D:8)
  A big kobold (D:9)
  2 bullfrogs
  2 scorpions
  An oklob sapling (D:7)
  A bullfrog zombie (D:9)
  A jelly (D:7)
  A quasit (D:7)
  3 orc priests
  A centaur zombie (D:7)
  A centaur skeleton (D:9)
  3 hounds
  6 orc wizards
  3 iguanas
  7 worker ants
  6 ogre zombies (D:10)
  3 hound zombies
  2 hound skeletons (D:4)
  A worker ant zombie (D:6)
  7 adders
  4 shadow imps
  An adder skeleton (D:6)
  2 worms
  31 orcs
  4 giant cockroaches
  5 goblins
  2 hobgoblins
  9 jackals
  9 kobolds
  A quokka (D:6)
  A ball python (D:2)
  5 bats
  8 frilled lizards
  A goblin zombie (D:10)
  A hobgoblin zombie (D:10)
  A jackal skeleton (D:4)
  3 orc skeletons (D:10)
  10 orc zombies (D:10)
  A quokka skeleton (D:4)
  2 rats
  2 plants (D:7)
194 creatures vanquished.

Vanquished Creatures (collateral kills)
  An orc sorcerer (Orc:2)
  An orc (Orc:2)
2 creatures vanquished.

Vanquished Creatures (others)
  4 plants (D:8)
  2 spectral weapons
6 creatures vanquished.

Grand Total: 202 creatures vanquished

Notes
Turn   | Place    | Note
-------+----------+-------------------------------------------
     0 | D:1      | tidbits the Gnoll Skald began the quest for the Orb.
     0 | D:1      | Reached XP level 1. HP: 20/20 MP: 6/6
    54 | D:2      | Reached XP level 2. HP: 26/26 MP: 1/7
    61 | D:2      | Learned a level 2 spell: Song of Slaying
    64 | D:2      | Learned a level 2 spell: Shroud of Golubria
   278 | D:2      | Reached XP level 3. HP: 29/31 MP: 7/9
   296 | D:2      | Reached skill level 5 in Spellcasting
   386 | D:3      | Found a sparkling altar of Nemelex Xobeh.
   409 | D:4      | Reached skill level 1 in Invocations
   417 | D:4      | Reached skill level 1 in Short Blades
   417 | D:4      | Reached skill level 1 in Long Blades
   417 | D:4      | Reached skill level 1 in Maces & Flails
   417 | D:4      | Reached skill level 1 in Polearms
   417 | D:4      | Reached skill level 1 in Staves
   417 | D:4      | Reached skill level 1 in Slings
   417 | D:4      | Reached skill level 1 in Bows
   417 | D:4      | Reached skill level 1 in Crossbows
   417 | D:4      | Reached skill level 1 in Throwing
   417 | D:4      | Reached skill level 1 in Stealth
   417 | D:4      | Reached skill level 1 in Shields
   417 | D:4      | Reached skill level 1 in Unarmed Combat
   417 | D:4      | Reached skill level 1 in Evocations
   417 | D:4      | Reached XP level 4. HP: 38/38 MP: 6/11
   461 | D:4      | Learned a level 3 spell: Regeneration
   465 | D:4      | Learned a level 3 spell: Spectral Weapon
   489 | D:4      | Found a basalt altar of Yredelemnul.
   521 | D:4      | Reached skill level 1 in Conjurations
   521 | D:4      | Reached skill level 1 in Hexes
   521 | D:4      | Reached skill level 1 in Summonings
   521 | D:4      | Reached skill level 1 in Necromancy
   521 | D:4      | Reached skill level 1 in Translocations
   521 | D:4      | Reached skill level 1 in Transmutations
   521 | D:4      | Reached skill level 1 in Fire Magic
   521 | D:4      | Reached skill level 1 in Ice Magic
   521 | D:4      | Reached skill level 1 in Air Magic
   521 | D:4      | Reached skill level 1 in Earth Magic
   521 | D:4      | Reached skill level 1 in Poison Magic
   528 | D:4      | Reached XP level 5. HP: 28/43 MP: 5/12
   638 | D:5      | Entered Level 5 of the Dungeon
   666 | D:4      | Found Tutiukee's Jewellery Shop.
   696 | D:4      | Reached skill level 3 in Armour
   784 | D:4      | Reached XP level 6. HP: 32/50 MP: 9/13
   789 | D:4      | Reached skill level 2 in Invocations
   982 | D:5      | Noticed a phantom
   992 | D:5      | Killed a phantom
   992 | D:5      | Reached skill level 5 in Fighting
   992 | D:5      | Reached skill level 2 in Short Blades
   992 | D:5      | Reached skill level 2 in Long Blades
   992 | D:5      | Reached skill level 5 in Axes
   992 | D:5      | Reached skill level 2 in Maces & Flails
   992 | D:5      | Reached skill level 2 in Polearms
   992 | D:5      | Reached skill level 2 in Staves
   992 | D:5      | Reached skill level 2 in Slings
   992 | D:5      | Reached skill level 2 in Bows
   992 | D:5      | Reached skill level 2 in Crossbows
   992 | D:5      | Reached skill level 2 in Throwing
   992 | D:5      | Reached skill level 5 in Dodging
   992 | D:5      | Reached skill level 2 in Stealth
   992 | D:5      | Reached skill level 2 in Shields
   992 | D:5      | Reached skill level 2 in Unarmed Combat
   992 | D:5      | Reached skill level 2 in Evocations
  1040 | D:5      | You fall through a shaft for 2 floors!
  1074 | D:7      | Reached XP level 7. HP: 56/56 MP: 15/15
  1221 | D:7      | Reached skill level 2 in Conjurations
  1221 | D:7      | Reached skill level 2 in Hexes
  1221 | D:7      | Reached skill level 2 in Summonings
  1221 | D:7      | Reached skill level 2 in Necromancy
  1221 | D:7      | Reached skill level 2 in Translocations
  1221 | D:7      | Reached skill level 2 in Transmutations
  1221 | D:7      | Reached skill level 2 in Fire Magic
  1221 | D:7      | Reached skill level 2 in Ice Magic
  1221 | D:7      | Reached skill level 2 in Air Magic
  1221 | D:7      | Reached skill level 2 in Earth Magic
  1221 | D:7      | Reached skill level 2 in Poison Magic
  1321 | D:8      | Found Enliti's Antique Armour Shoppe.
  1402 | D:8      | Reached skill level 3 in Invocations
  1406 | D:8      | Found Suwom's Food Boutique.
  1413 | D:8      | Reached skill level 6 in Charms
  1413 | D:8      | Reached XP level 8. HP: 54/63 MP: 14/16
  1463 | D:8      | Reached skill level 3 in Short Blades
  1463 | D:8      | Reached skill level 3 in Long Blades
  1463 | D:8      | Reached skill level 3 in Maces & Flails
  1463 | D:8      | Reached skill level 3 in Polearms
  1463 | D:8      | Reached skill level 3 in Staves
  1463 | D:8      | Reached skill level 3 in Slings
  1463 | D:8      | Reached skill level 3 in Bows
  1463 | D:8      | Reached skill level 3 in Crossbows
  1463 | D:8      | Reached skill level 3 in Throwing
  1463 | D:8      | Reached skill level 4 in Armour
  1463 | D:8      | Reached skill level 3 in Stealth
  1463 | D:8      | Reached skill level 3 in Shields
  1463 | D:8      | Reached skill level 3 in Unarmed Combat
  1463 | D:8      | Reached skill level 3 in Evocations
  1514 | D:8      | Reached skill level 6 in Spellcasting
  1574 | D:9      | Reached skill level 4 in Invocations
  1576 | D:9      | Reached skill level 3 in Conjurations
  1576 | D:9      | Reached skill level 3 in Hexes
  1576 | D:9      | Reached skill level 3 in Summonings
  1576 | D:9      | Reached skill level 3 in Necromancy
  1576 | D:9      | Reached skill level 3 in Translocations
  1576 | D:9      | Reached skill level 3 in Transmutations
  1576 | D:9      | Reached skill level 3 in Fire Magic
  1576 | D:9      | Reached skill level 3 in Ice Magic
  1576 | D:9      | Reached skill level 3 in Air Magic
  1576 | D:9      | Reached skill level 3 in Earth Magic
  1576 | D:9      | Reached skill level 3 in Poison Magic
  1602 | D:8      | Found Loca's Magic Scroll Shop.
  1610 | D:8      | Bought a scroll of teleportation for 39 gold pieces
  1610 | D:8      | Bought a scroll of identify for 26 gold pieces
  1610 | D:8      | Bought a scroll of remove curse for 39 gold pieces
  1610 | D:8      | Bought a scroll of remove curse for 39 gold pieces
  1610 | D:8      | Bought a scroll of remove curse for 39 gold pieces
  1610 | D:8      | Bought a scroll of identify for 26 gold pieces
  1614 | D:8      | Reached XP level 9. HP: 52/69 MP: 16/18
  1666 | D:7      | Reached skill level 6 in Fighting
  1666 | D:7      | Reached skill level 6 in Axes
  1666 | D:7      | Reached skill level 6 in Dodging
  1822 | D:6      | Reached skill level 4 in Short Blades
  1822 | D:6      | Reached skill level 4 in Long Blades
  1822 | D:6      | Reached skill level 4 in Maces & Flails
  1822 | D:6      | Reached skill level 4 in Polearms
  1822 | D:6      | Reached skill level 4 in Staves
  1822 | D:6      | Reached skill level 4 in Slings
  1822 | D:6      | Reached skill level 4 in Bows
  1822 | D:6      | Reached skill level 4 in Crossbows
  1822 | D:6      | Reached skill level 4 in Throwing
  1822 | D:6      | Reached skill level 4 in Stealth
  1822 | D:6      | Reached skill level 4 in Shields
  1822 | D:6      | Reached skill level 4 in Unarmed Combat
  1822 | D:6      | Reached skill level 4 in Evocations
  1959 | D:4      | Found a shattered altar of Ashenzari.
  2030 | D:6      | Reached skill level 5 in Armour
  2213 | D:7      | Noticed tidbits's ghost (novice GnTm)
  2220 | D:7      | Killed tidbits's ghost
  2230 | D:7      | Reached skill level 5 in Invocations
  2260 | D:7      | Found a staircase to the Ecumenical Temple.
  2295 | Temple   | Entered the Ecumenical Temple
  2312 | Temple   | Became a worshipper of Cheibriados the Contemplative
  2395 | D:8      | Found a staircase to the Lair.
  2411 | D:8      | Reached XP level 10. HP: 74/77 MP: 10/20
  2414 | D:8      | Reached skill level 7 in Spellcasting
  2436 | D:8      | Reached skill level 4 in Conjurations
  2436 | D:8      | Reached skill level 4 in Hexes
  2436 | D:8      | Reached skill level 4 in Summonings
  2436 | D:8      | Reached skill level 4 in Necromancy
  2436 | D:8      | Reached skill level 4 in Translocations
  2436 | D:8      | Reached skill level 4 in Transmutations
  2436 | D:8      | Reached skill level 4 in Fire Magic
  2436 | D:8      | Reached skill level 4 in Ice Magic
  2436 | D:8      | Reached skill level 4 in Air Magic
  2436 | D:8      | Reached skill level 4 in Earth Magic
  2436 | D:8      | Reached skill level 4 in Poison Magic
  2469 | D:8      | Found Angicuci's Book Emporium.
  2472 | D:8      | Found Hepsofou's Gadget Emporium.
  2517 | D:9      | Reached skill level 5 in Short Blades
  2517 | D:9      | Reached skill level 5 in Long Blades
  2517 | D:9      | Reached skill level 5 in Maces & Flails
  2517 | D:9      | Reached skill level 5 in Polearms
  2517 | D:9      | Reached skill level 5 in Staves
  2517 | D:9      | Reached skill level 5 in Slings
  2517 | D:9      | Reached skill level 5 in Bows
  2517 | D:9      | Reached skill level 5 in Crossbows
  2517 | D:9      | Reached skill level 5 in Throwing
  2517 | D:9      | Reached skill level 5 in Stealth
  2517 | D:9      | Reached skill level 5 in Shields
  2517 | D:9      | Reached skill level 5 in Unarmed Combat
  2517 | D:9      | Reached skill level 5 in Evocations
  2548 | D:9      | Reached * piety under Cheibriados
  2595 | D:9      | Reached skill level 7 in Charms
  2612 | D:9      | Learned a level 3 spell: Dazzling Spray
  2682 | D:10     | Entered Level 10 of the Dungeon
  2684 | D:10     | Noticed amaril's ghost (journeyman HuWn)
  2695 | D:10     | Killed amaril's ghost
  2695 | D:10     | Reached skill level 7 in Fighting
  2695 | D:10     | Reached skill level 7 in Axes
  2695 | D:10     | Reached skill level 6 in Armour
  2695 | D:10     | Reached skill level 7 in Dodging
  2728 | D:10     | Learned a level 4 spell: Fulminant Prism
  2761 | D:10     | Found a staircase to the Orcish Mines.
  2771 | D:10     | Reached skill level 6 in Invocations
  2833 | D:10     | Reached ** piety under Cheibriados
  2875 | Orc:1    | Entered Level 1 of the Orcish Mines
  2887 | Orc:2    | Entered Level 2 of the Orcish Mines
  2887 | Orc:2    | Noticed a cyclops
  2892 | Orc:2    | Killed a cyclops
  2919 | Orc:2    | Noticed Snorg
  2937 | Orc:2    | Found a radiant altar of Vehumet.
  2937 | Orc:2    | Paralysed by an orc sorcerer for 2 turns
  2938 | Orc:2    | Noticed an orc sorcerer
  2940 | Orc:2    | Found a labyrinth entrance.
  2946 | Lab      | Entered a labyrinth
  3127 | Lab      | Noticed a minotaur
  3144 | Lab      | Killed a minotaur
  3144 | Lab      | Reached XP level 11. HP: 84/84 MP: 15/22
  3150 | Lab      | Got a shimmering arbalest
  3150 | Lab      | Got a slimy ring mail
  3169 | Lab      | Identified the +0 ring mail of the Cooper {rCorr Str-2 Int+10} (You took it off a minotaur in a labyrinth)
  3187 | Lab      | Learned a level 2 spell: Passwall
  3187 | Lab      | Identified the +6 arbalest "Ycin" {freeze, rN+} (You took it off a minotaur in a labyrinth)
  3199 | Orc:2    | Killed an orc sorcerer
  3199 | Orc:2    | Killed from afar by an orc priest

Skill      XL: |  1  2  3  4  5  6  7  8  9 10 |
---------------+-------------------------------+-----
Spellcasting   | 5 6 7 |  7.8
Invocations    | 1 2 3 4 5 6 |  6.5
Short Blades   | 1 2 3 4 5 |  5.9
Long Blades    | 1 2 3 4 5 |  5.9
Maces & Flails | 1 2 3 4 5 |  5.9
Polearms       | 1 2 3 4 5 |  5.9
Staves         | 1 2 3 4 5 |  5.9
Slings         | 1 2 3 4 5 |  5.9
Bows           | 1 2 3 4 5 |  5.9
Crossbows      | 1 2 3 4 5 |  5.9
Throwing       | 1 2 3 4 5 |  5.9
Stealth        | 1 2 3 4 5 |  5.9
Shields        | 1 2 3 4 5 |  5.9
Unarmed Combat | 1 2 3 4 5 |  5.9
Evocations     | 1 2 3 4 5 |  5.9
Conjurations   | 1 2 3 4 |  4.9
Hexes          | 1 2 3 4 |  4.9
Summonings     | 1 2 3 4 |  4.9
Necromancy     | 1 2 3 4 |  4.9
Translocations | 1 2 3 4 |  4.9
Transmutations | 1 2 3 4 |  4.9
Fire Magic     | 1 2 3 4 |  4.9
Ice Magic      | 1 2 3 4 |  4.9
Air Magic      | 1 2 3 4 |  4.9
Earth Magic    | 1 2 3 4 |  4.9
Poison Magic   | 1 2 3 4 |  4.9
Armour         | 3 4 5 6 |  6.5
Fighting       | 5 6 7 |  7.5
Axes           | 5 6 7 |  7.5
Dodging        | 5 6 7 |  7.5
Charms         | 6 7 |  7.4

Action                   |  1- 3 |  4- 6 |  7- 9 | 10-12 || total
-------------------------+-------+-------+-------+-------++-------
Melee: Hand axe          |    48 |       |       |       ||    48
       Bite              |     3 |     5 |    21 |    24 ||    53
       Dagger            |     8 |    68 |   220 |   154 ||   450
       Punch             |       |     1 |     4 |     6 ||    11
       Battleaxe         |       |       |       |     2 ||     2
Throw: Throwing net      |       |       |       |     1 ||     1
       Tomahawk          |       |       |       |     1 ||     1
 Cast: Infusion          |     9 |     8 |    14 |     3 ||    34
       Shroud of Golubri |     2 |     5 |    12 |    10 ||    29
       Spectral Weapon   |       |       |    24 |    15 ||    39
       Regeneration      |       |       |     3 |     8 ||    11
       Song of Slaying   |       |       |       |     1 ||     1
Invok: Bend Time         |       |       |       |     1 ||     1
Evoke: Wand              |       |       |     7 |     1 ||     8
       Lamp of fire      |       |       |       |     1 ||     1
  Use: Scroll            |       |     8 |     4 |     4 ||    16
       Potion            |       |       |     4 |     5 ||     9
 Stab: Sleeping          |     2 |     2 |     1 |     3 ||     8
       Paralysed         |       |       |     5 |       ||     5
       Distracted        |       |       |     1 |     2 ||     3
       Invisible         |       |       |       |     3 ||     3
       Held in net/web   |       |       |       |     3 ||     3
  Eat: Chunk             |       |       |     6 |     1 ||     7
       Ration            |       |       |     1 |     2 ||     3
Armor: Leather armour    |     7 |     6 |     3 |       ||    16
       Ring mail         |       |       |    52 |     4 ||    56
       Troll leather arm |       |       |       |    14 ||    14
Dodge: Dodged            |    38 |    32 |   132 |   110 ||   312

Table legend:
 A = Turns spent in this place as a percentage of turns spent in the entire game.
 B = Non-inter-level travel turns spent in this place as a percentage of non-inter-level travel turns spent in the entire game.
 C = Inter-level travel turns spent in this place as a percentage of turns spent in this place.
 D = Turns resting spent in this place as a percentage of non-inter-level travel turns spent in this place.
 E = Turns spent auto-exploring this place as a percentage of non-inter-level travel turns spent in this place.
 F = Non-inter-level travel turns spent in this place divided by the number of levels of this place that you've seen.
                   A       B       C       D       E      F
               +-------+-------+-------+-------+-------+----------------------
         Total | 100.0 | 100.0 |   1.4 |   0.0 |   0.0 | 225.4
       Dungeon |  88.8 |  89.1 |   1.0 |   0.0 |   0.0 | 281.2
        Temple |   1.1 |   0.6 |  45.7 |   0.0 |   0.0 |  19.0
  Orcish Mines |   2.4 |   2.4 |   0.0 |   0.0 |   0.0 |  38.0
     Labyrinth |   7.8 |   7.9 |   0.0 |   0.0 |   0.0 | 248.0
               +-------+-------+-------+-------+-------+----------------------

Table legend:
 A = Kills in this place as a percentage of kills in entire the game.
 B = Kills by you in this place as a percentage of kills by you in the entire game.
 C = Kills by friends in this place as a percentage of kills by friends in the entire game.
 D = Other kills in this place as a percentage of other kills in the entire game.
 E = Experience gained in this place as a percentage of experience gained in the entire game.
 F = Experience gained in this place divided by the number of levels of this place that you have seen.
                   A       B       C       D       E      F
               +-------+-------+-------+-------+-------+----------------------
         Total | 100.0 | 100.0 | 100.0 |   N/A | 100.0 | 762.1
       Dungeon |  96.4 |  97.4 |   0.0 |   N/A |  79.3 | 846.3
  Orcish Mines |   3.1 |   2.1 | 100.0 |   N/A |  10.5 | 558.0
     Labyrinth |   0.5 |   0.5 |   0.0 |   N/A |  10.2 | 1091.0
               +-------+-------+-------+-------+-------+----------------------

Vault maps used:
D:1:      minmay_arrival_five_plusses, minmay_misc_feat_plants
D:3:      serial_bayou_pond_c, nemelex_xobeh_ov_fountains_minmay
D:4:      lemuel_coloured_pillars_altar, first_ration, serial_shops, shop,
          enter_ossuary_3, ashenzari_altar_1
D:5:      cheibrodos_iron_armory
D:6:      nicolae_underground_beach
D:7:      minmay_temple_entry_oklob, grunt_ogre_cave, nemelex_spade_bored_becter
D:8:      minmay_lair_entry_grove, serial_shops, nicolae_shop_trees,
          kennysheep_little_box, shop, shop, kennysheep_mini,
          hangedman_decor_clover_reticule, minmay_misc_feat_columns
D:9:      xom_redecorated, uniq_grum
D:10:     zombieorc1_lemuel, nicolae_qazlal_style_of_elements
Temple:   grunt_wide_crystal_templ
Orc:1:    serial_shops, shop, rock_pile, uniq_nergalle, uniq_urug, uniq_harold
Orc:2:    st_orc_congregation, lab_entry_generic, basic_altar, uniq_snorg
Lab:      labyrinth_spiral, labyrinth_glass_1
